Map: Dreamcatcher LE

Players

Cliggity - Winner!

  • Race: Protoss Protoss
  • League: Gold
  • Spawn Location: 5:00

BlueScorpian

  • Race: Protoss Protoss
  • Spawn Location: 11:00

VOD

Have the link to the VOD?

Description

Time

  • Played on: Oct. 7, 2018, 3:04 p.m.
  • Length: 8:13
Show
View Real Time Build Order
Export as new Build Order

Cliggity Protoss - Winner!

Build Orders:  

Get SALT Encoding   

  12  0:01  Probe  
  13  0:14  Probe  
  14  0:18  Pylon  
  14  0:29  Probe  
  15  0:37  Gateway  
  15  0:43  Probe  
  15  0:49  Assimilator  
  16  0:51  Probe  
  17  1:05  Gateway  
  17  1:06  Probe  
  18  1:14  Assimilator  
  18  1:15  Probe  
  18  1:23  Probe  
  20  1:33  Probe  
  21  1:44  Cybernetics Core  
  21  1:45  Probe  
  22  1:52  Pylon  
  22  1:57  Probe  
  23  2:10  Probe  
  23  2:12  Adept  
  24  2:16  Pylon  
  24  2:20  Adept  
  24  2:22  Probe  
  29  2:23  Warp Gate  
  29  2:34  Probe  
  30  2:38  Sentry  
  32  2:46  Probe  
  32  2:47  Stalker  
  35  2:58  Probe  
  36  3:07  Robotics Facility  
  36  3:08  Pylon  
  36  3:10  Probe  
  37  3:22  Probe  
  38  3:34  Probe  
  39  3:46  Probe  
  40  3:58  Probe  
  40  4:02  Immortal  
  45  4:14  Nexus  
  45  4:16  Gateway  
  45  4:18  Gateway  
  45  4:38  Probe  
  46  4:50  Probe  
  47  4:57  Pylon  
  47  4:58  Shield Battery  
  47  5:15  Warp Prism  
  47  5:16  Stalker x2  
  47  5:21  Forge  
  53  5:22  Pylon  
  53  5:33  Stalker  
  53  5:43  Probe  
  54  5:55  Probe  
  54  5:56  Probe  
  56  5:59  Protoss Ground Weapons Level 1  
  54  6:05  Zealot  
  54  6:06  Zealot x2  
  54  6:07  Probe  
  54  6:08  Probe  
  62  6:12  Twilight Council  
  62  6:14  Pylon  
  62  6:18  Gateway  
  62  6:25  Probe x2  
  64  6:33  Gateway  
  64  6:37  Zealot x4  
  72  6:49  Probe  
  72  6:53  Assimilator  
  73  6:55  Assimilator  
  73  7:12  Pylon  
  73  7:20  Observer  
Show
View Real Time Build Order
Export as new Build Order

BlueScorpian Protoss 

Build Orders:  

Get SALT Encoding   

  12  0:14  Pylon  
  12  0:35  Probe, Gateway  
  13  0:47  Assimilator  
  13  0:59  Assimilator  
  13  1:19  Probe  
  14  1:29  Zealot  
  14  1:31  Probe  
  17  1:41  Pylon  
  17  1:43  Probe  
  18  1:55  Probe  
  19  2:07  Probe  
  20  2:10  Nexus  
  20  2:13  Zealot  
  22  2:37  Cybernetics Core  
  22  2:45  Probe  
  23  2:52  Zealot  
  23  2:57  Probe  
  26  3:09  Probe  
  10  4:00  Sentry  
  11  4:08  Probe  
  12  4:20  Probe  
  13  4:26  Stalker  
  15  4:32  Probe  
  15  4:33  Probe  
  17  4:44  Probe  
  18  4:56  Adept  
  20  5:35  Probe  
  21  5:48  Probe  
  22  5:57  Probe  
  21  6:05  Probe  
  22  6:14  Probe  
  23  6:26  Probe  
  24  6:38  Probe  
  25  6:50  Probe  
  26  6:57  Pylon  
  26  7:19  Gateway  
  26  7:24  Probe  
  26  7:36  Probe  
  27  7:40  Sentry  
  29  7:48  Probe  
  20  8:00  Probe  
Tags
 
League
Gold
Matchup
PvP
Spawn Locations
Cross Positions
Add a new tag
Caveats
  • Supply blocks, unpowered buildings, or Contaminate may cause inaccurate times.
  • Supply counts are checked every 10 seconds.